 Dungeon Crawl Stone Soup version 0.26-a0-540-g8a0c9464d7 (webtiles) character file.

Game seed: 1102045475777750418

45940 Lanoc the Spry (level 14, -5/99 HPs)
             Began as a Halfling Gladiator on Aug 19, 2020.
             Was a High Priest of Hepliaklqana.
             Slain by an ettin
             ... wielding a +0 dire flail
              (9 damage)
             ... on level 15 of the Dungeon.
             The game lasted 00:37:42 (18028 turns).

Lanoc the Spry (Halfling Gladiator)                Turns: 18028, Time: 00:37:42

Health: -5/99      AC: 20    Str: 11    XL:     14   Next: 73%
Magic:  14/14      EV: 24    Int:  6    God:    Hepliaklqana [*****.]
Gold:   730        SH:  0    Dex: 21    Spells: 13/13 levels left

rFire    . . .     SeeInvis .   C - +2 scimitar (flame)
rCold    + . .     Faith    .   (shield restricted)
rNeg     + + .     Spirit   .   I - +7 scale mail of Umnimuot {rN+}
rPois    .         Reflect  .   D - +2 hat
rElec    +         Harm     +   (no cloak)
rCorr    .                      S - +0 pair of gloves of Yfotam {Harm rN+ Slay+5} (curse)
MR       ++++.                  (no boots)
Stlth    ..........             R - amulet of Cammus {RegenMP rElec rC+ MR+++ Str-4}
HPRegen  0.26/turn              v - +4 ring of protection
MPRegen  0.39/turn              (no ring)

@: no status effects
A: small, reduced essence, mutation resistance 1
a: Recall Ancestor, Ancestor Identity, Transference, Idealise, Renounce Religion


You were on level 15 of the Dungeon.
You worshipped Hepliaklqana.
Hepliaklqana was extremely pleased with you.
You visited 1 branch of the dungeon, and saw 15 of its levels.
You also visited: Sewer, Ossuary, Gauntlet and Ice Cave.

You collected 890 gold pieces.
You spent 160 gold pieces at shops.

Inventory:

Hand Weapons
 C - a +2 scimitar of flaming (weapon)
Missiles
 b - 15 sling bullets
 e - 400 stones
 l - 3 atropa-tipped darts
 n - 3 curare-tipped darts
 M - 2 throwing nets (quivered)
Armour
 D - a +2 hat (worn)
 H - the +1 pair of gloves of the Forgotten Demons {-Cast MR++ Dex+3}
   (You found it in a Gauntlet)

   It affects your dexterity (+3).
   It affects your resistance to hostile enchantments.
   It prevents spellcasting.
 I - the +7 scale mail of Umnimuot (worn) {rN+}
   (You found it on level 11 of the Dungeon)

   It protects you from negative energy.
 S - the cursed +0 pair of gloves of Yfotam (worn) {Harm rN+ Slay+5}
   (You found it in a Gauntlet)

   It affects your accuracy and damage with ranged weapons and melee attacks
   (+5).
   It protects you from negative energy.
   It increases damage dealt and taken.
   It has a curse placed upon it.
Jewellery
 d - the amulet of the Sparrow {RegenMP Str+3}
   (You took it off a minotaur in a Gauntlet)

   [amulet of magic regeneration]

   It increases your magic regeneration.
   It affects your strength (+3).
 g - the ring of the Rabble {Ice MP+9 Int+4 Dex+4}
   (You took it off a frost giant in an ice cave)

   [ring of ice]

   It enhances your ice magic.
   It affects your intelligence (+4).
   It affects your dexterity (+4).
   It makes you vulnerable to fire.
   It protects you from cold.
   It affects your magic capacity (+9).
 v - a +4 ring of protection (left hand)
 x - an uncursed ring of resist corrosion
 A - an uncursed ring of poison resistance
 K - the ring of the Mage {Wiz MR++ Int+3}
   (You found it on level 12 of the Dungeon)

   [ring of wizardry]

   It improves your spell success rate.
   It affects your intelligence (+3).
   It affects your resistance to hostile enchantments.
 O - the amulet "Liky" {Reflect rN+ Int+2 SH+5}
   (You found it in a Gauntlet)

   [amulet of reflection]

   It shields you and reflects attacks.
   It affects your intelligence (+2).
   It protects you from negative energy.
   It affects your SH (+5).
 R - the amulet of Cammus (around neck) {RegenMP rElec rC+ MR+++ Str-4}
   (You found it in a Gauntlet)

   [amulet of magic regeneration]

   It increases your magic regeneration.
   It affects your strength (-4).
   It protects you from cold.
   It insulates you from electricity.
   It affects your resistance to hostile enchantments.
Wands
 t - a wand of polymorph (14)
 u - a wand of iceblast (24)
 B - a wand of acid (5)
 F - a wand of random effects (71)
 J - a wand of enslavement (9)
 P - a wand of paralysis (10)
 Q - a wand of flame (47)
 W - a wand of digging (6)
Scrolls
 c - 3 scrolls of magic mapping
 f - 7 scrolls of identify
 h - 4 scrolls of amnesia
 i - a scroll of immolation
 k - 5 scrolls of enchant armour
 m - 3 scrolls of fog
 q - 2 scrolls of fear
 s - 9 scrolls of remove curse
 y - a scroll of blinking
 z - a scroll of teleportation
 E - 4 scrolls of enchant weapon
Potions
 a - a potion of ambrosia
 j - 2 potions of haste
 o - 4 potions of mutation
 p - a potion of invisibility
 r - 2 potions of flight
 w - a potion of magic {unknown}
 G - a potion of lignification
Miscellaneous
 T - a lightning rod (4/4)
 V - a phantom mirror


   Skills:
 + Level 15.4 Fighting
 - Level 3.0 Long Blades
 - Level 2.0 Throwing
 + Level 18.0 Dodging


You had 13 spell levels left.
You didn't know any spells.
Your spell library contained the following spells:

 Spells                   Type           Power        Failure   Level
 Shock                    Conj/Air       #...         97%         1
 Swiftness                Air            #.......     99%         2
 Static Discharge         Conj/Air       #.......     100%        3
 Airstrike                Air            #.........   100%        4
 Ice Form                 Ice/Tmut       #.......     100%        4
 Lightning Bolt           Conj/Air       #.........   100%        5
 Metabolic Englaciation   Hex/Ice        #.........   100%        5
 Summon Demon             Summ           #.........   100%        5
 Summon Forest            Summ/Tloc      #.........   100%        5
 Summon Mana Viper        Hex/Summ       #.......     100%        5
 Freezing Cloud           Conj/Ice/Air   #.........   100%        6
 Ozocubu's Refrigeration  Ice            #.........   100%        6
 Shadow Creatures         Summ           N/A          100%        6
 Simulacrum               Ice/Necr       #.........   100%        6
 Summon Hydra             Summ           #.........   100%        7


Dungeon Overview and Level Annotations

Branches:
Dungeon (15/15)            Temple (0/1) D:6            Lair (0/6) D:9
    Orc (0/2) D:10         Vaults (0/5) D:13         Depths (0/5) D:15
  Sewer (visited)         Ossuary (visited)           IceCv (visited)
Gauntlet (visited)

Altars:
Ashenzari
Cheibriados
Dithmenos
Elyvilon
Hepliaklqana
Kikubaaqudgha
Nemelex Xobeh
Qazlal
Ru
Sif Muna
Trog
Uskayaw
Vehumet
Yredelemnul

Shops:
D:4 }   D:11 !


Innate Abilities, Weirdness & Mutations

You are small and have problems with some larger weapons.
You are somewhat resistant to further mutation.
Your life essence is reduced to manifest your ancestor. (-10% HP)


Message History

The deep troll is moderately wounded.
Ulric hits the deep troll with a +0 quarterstaff!
The deep troll closely misses Ulric.
The deep troll claws Ulric!
The deep troll claws Ulric.
You slash the deep troll! You burn the deep troll.
You kill the deep troll!
The ettin misses you.
The ettin hits you with a +2 vorpal great mace!!
You hit the ettin but do no damage.
Ulric hits the ettin with a +0 quarterstaff!
The ettin barely misses you.
You riposte.
You hit the ettin but do no damage.
The ettin is lightly wounded.
The ettin misses you.
Ulric completely misses the ettin.
You barely miss the ettin.
The ettin is lightly wounded.
Ulric hits the ettin with a +0 quarterstaff!
The ettin hits you with a +0 dire flail!
The ettin hits you with a +2 vorpal great mace!!
* * * LOW HITPOINT WARNING * * *
You die...

#. #..##
#[.####....###
#.............
########).......#
#...C.(.#...##.#
#.######.#4## #.#
###.# #C## #.#
#@R# #.# ##.# #.#
#.# #.# #.# #.#
#.# #.# #.# #.#
##.## ###.#
##...####...###
#.............#


You could see the friendly Ulric the battlemage and an ettin.

Vanquished Creatures
  Gastronok (D:9)
  A frost giant (IceCv)
  A minotaur (Gauntlet)
  Josephine (D:11)
  3 hydras
  A vault guard (D:13)
  Erica (D:8)
  A two-headed ogre (D:15)
  A centaur warrior (D:15)
  A deep elf knight (D:15)
  A deep troll (D:15)
  A slime creature (D:15)
  2 cyclopes
  A wolf spider zombie (D:15)
  A manticore (D:13)
  An ice statue (IceCv)
  A yaktaur (D:15)
  An ice devil (D:13)
  3 rime drakes (IceCv)
  A komodo dragon (D:15)
  A tyrant leech (Gauntlet)
  Prince Ribbit (D:9)
  9 polar bears (IceCv)
  A hornet (D:11)
  A meliai zombie (D:12)
  2 hippogriffs
  A wraith (D:11)
  24 yaks
  Eustachio (D:5)
  4 humans (D:13)
  A basilisk (D:9)
  Menkaure (D:6)
  A soldier ant (D:11)
  3 porcupines (D:9)
  2 sky beasts
  5 orc warriors
  An ice beast (D:6)
  5 ogres
  An eye of draining (D:10)
  A necrophage (D:7)
  9 centaurs
  13 wolves
  6 bullfrogs
  2 scorpions
  12 killer bees
  2 wights (D:9)
  4 howler monkeys
  4 bullfrog zombies
  A quasit (D:9)
  3 centaur zombies
  2 jellies
  A bullfrog skeleton (D:9)
  4 orc priests
  6 orc wizards
  4 hounds
  3 centaur skeletons
  2 iguanas
  Ijyb (D:3)
  3 worker ants
  A big kobold zombie (Ossuary)
  A hound skeleton (D:7)
  4 mummies (Ossuary)
  A howler monkey zombie (D:7)
  3 gnolls (D:2)
  11 adders
  3 shadow imps
  A white imp (D:8)
  3 ufetubi
  An ooze (D:5)
  An adder zombie (D:6)
  2 adder skeletons
  3 worms
  2 dart slugs
  11 leopard geckos
  26 orcs
  10 giant cockroaches
  8 goblins
  6 hobgoblins
  A jackal (D:8)
  5 kobolds
  A quokka (D:3)
  3 ball pythons (Sewer)
  7 bats
  4 frilled lizards
  A hobgoblin zombie (Ossuary)
  A jackal skeleton (D:4)
  A leopard gecko skeleton (D:7)
  A quokka zombie (D:5)
  9 rats
305 creatures vanquished.

Vanquished Creatures (collateral kills)
  Harold (D:9)
  A hydra (D:13)
  2 vault guards (D:13)
  A two-headed ogre (D:10)
  Sonja (D:11)
  2 unseen horrors
  An ugly thing (D:13)
  A deep elf mage (D:12)
  A cyclops (D:12)
  A centaur zombie (D:13)
  Psyche (D:8)
  A gargoyle (D:10)
  A torpor snail (Gauntlet)
  Maurice (D:11)
  Maggie (D:8)
  An ice devil (D:13)
  A queen bee (D:13)
  A hornet (D:12)
  6 polar bears (IceCv)
  2 trolls
  6 hippogriffs
  2 slime creatures (D:15)
  3 wraiths
  12 yaks
  Grum (D:10)
  3 humans (D:13)
  A steam dragon (D:10)
  2 swamp worms (Gauntlet)
  An acid dragon (D:12)
  Duvessa (D:7)
  3 orc warriors
  A porcupine (D:9)
  3 ice beasts
  A sky beast (D:6)
  An eye of draining (D:11)
  A phantom (D:13)
  5 centaurs
  2 wolves
  2 ogres
  3 crocodiles
  4 bullfrogs
  A big kobold (D:10)
  Dowan (D:7)
  2 scorpions
  3 wights (D:9)
  2 killer bees
  A howler monkey (D:6)
  A bullfrog zombie (D:7)
  A bullfrog skeleton (D:6)
  A centaur skeleton (D:7)
  2 hounds
  3 jellies
  8 orc wizards
  6 orc priests
  An iguana (D:9)
  A worker ant (D:7)
  A big kobold zombie (Ossuary)
  2 mummies (Ossuary)
  A howler monkey zombie (D:5)
  A worker ant zombie (D:8)
  An adder (D:8)
  A white imp (D:6)
  An ufetubus (D:8)
  An adder skeleton (D:4)
  2 leopard geckos
  21 orcs
  4 giant cockroaches
  2 jackals (D:8)
  A quokka (D:8)
  2 frilled lizards (Sewer)
  A hobgoblin zombie (Ossuary)
  A quokka skeleton (D:5)
  A spectral orc (D:8)
164 creatures vanquished.

Vanquished Creatures (others)
  A human (D:13)
  A wolf (IceCv)
  A wight (D:14)
  A hound (D:8)
  20 battlemagi
  2 ancestors
  3 demonic plants (Gauntlet)
  2 plants (D:9)
31 creatures vanquished.

Grand Total: 500 creatures vanquished

Notes
Turn   | Place    | Note
-------+----------+-------------------------------------------
     0 | D:1      | Lanoc the Halfling Gladiator began the quest for the Orb.
     0 | D:1      | Reached XP level 1. HP: 14/14 MP: 1/1
   152 | D:1      | Reached XP level 2. HP: 19/19 MP: 2/2
   545 | D:1      | Reached XP level 3. HP: 25/25 MP: 3/3
   878 | D:2      | Reached skill level 4 in Dodging
   949 | D:2      | Found a hazy altar of Hepliaklqana.
  1095 | D:2      | Became a worshipper of Hepliaklqana the Forgotten
  1227 | D:2      | Reached XP level 4. HP: 26/27 MP: 4/4
  1529 | D:2      | Found an ancient bone altar of Kikubaaqudgha.
  2090 | D:3      | Noticed Ijyb
  2120 | D:3      | Killed Ijyb
  2120 | D:3      | Reached XP level 5. HP: 12/32 MP: 5/5
  2356 | D:3      | Found a sparkling altar of Nemelex Xobeh.
  2378 | D:3      | Reached skill level 5 in Dodging
  2460 | D:3      | Found a white marble altar of Elyvilon.
  2461 | D:3      | Found a hide-covered altar of Uskayaw.
  2917 | D:4      | Reached * piety under Hepliaklqana
  3065 | D:4      | Found Puihen's Gadget Boutique.
  3582 | D:4      | Found a shattered altar of Ashenzari.
  3726 | D:4      | Reached XP level 6. HP: 34/38 MP: 6/6
  3768 | D:4      | Found a radiant altar of Vehumet.
  3821 | D:5      | Entered Level 5 of the Dungeon
  3903 | D:5      | Reached skill level 6 in Dodging
  3903 | D:5      | Reached XP level 7. HP: 14/44 MP: 7/7
  3963 | D:5      | Found a sand-covered staircase.
  4075 | Ossuary  | Entered an ossuary
  4214 | Ossuary  | Reached skill level 5 in Fighting
  4238 | Ossuary  | HP: 1/45 [mummy (9)]
  4414 | D:5      | Noticed Eustachio
  4427 | D:5      | Killed Eustachio
  4427 | D:5      | Reached skill level 7 in Dodging
  4427 | D:5      | Reached XP level 8. HP: 50/50 MP: 8/8
  4450 | D:5      | Reached ** piety under Hepliaklqana
  4451 | D:5      | Remembered your ancestor Ulric as a battlemage
  5172 | D:5      | Reached skill level 8 in Dodging
  5923 | D:6      | Noticed Menkaure
  5927 | D:6      | Killed Menkaure
  5990 | D:6      | Reached XP level 9. HP: 15/57 MP: 9/9
  6072 | D:6      | Found a shimmering blue altar of Sif Muna.
  6090 | D:6      | Found a staircase to the Ecumenical Temple.
  6204 | D:6      | Reached skill level 9 in Dodging
  6418 | D:6      | Found a glowing drain.
  6430 | Sewer    | Entered a sewer
  6502 | Sewer    | Reached *** piety under Hepliaklqana
  7244 | D:7      | Noticed Duvessa
  7244 | D:7      | Noticed Dowan
  7249 | D:7      | Killed Duvessa
  7249 | D:7      | Reached skill level 10 in Dodging
  7250 | D:7      | Killed Dowan
  7651 | D:7      | Reached XP level 10. HP: 65/65 MP: 10/10
  7870 | D:7      | Found a shadowy altar of Dithmenos.
  7991 | D:8      | Reached skill level 11 in Dodging
  8005 | D:8      | Noticed Maggie
  8014 | D:8      | Noticed Psyche
  8016 | D:8      | Noticed Erica
  8019 | D:8      | Killed Psyche
  8023 | D:8      | Killed Maggie
  8062 | D:8      | Killed Erica
  8082 | D:8      | Reached skill level 10 in Fighting
  8085 | D:8      | Reached skill level 12 in Dodging
  8257 | D:8      | Found a snail-covered altar of Cheibriados.
  8319 | D:8      | Found a basalt altar of Yredelemnul.
  8551 | D:8      | Found a stormy altar of Qazlal.
  8636 | D:9      | Noticed Gastronok
  8646 | D:9      | Killed Gastronok
  8646 | D:9      | Reached XP level 11. HP: 73/73 MP: 11/11
  8682 | D:9      | Reached **** piety under Hepliaklqana
  8735 | D:9      | Found a sacrificial altar of Ru.
  8739 | D:9      | Found a staircase to the Lair.
  8742 | D:9      | Reached skill level 13 in Dodging
  9329 | D:9      | Noticed Prince Ribbit
  9337 | D:9      | Killed Prince Ribbit
  9980 | D:9      | Noticed Harold
  9990 | D:9      | Killed Harold
 10251 | D:10     | Entered Level 10 of the Dungeon
 10429 | D:10     | Found a staircase to the Orcish Mines.
 10477 | D:10     | Noticed a two-headed ogre
 10482 | D:10     | Killed a two-headed ogre
 10482 | D:10     | Reached XP level 12. HP: 81/81 MP: 12/12
 10705 | D:10     | Reached skill level 14 in Dodging
 10833 | D:10     | Noticed Grum
 10839 | D:10     | Killed Grum
 11356 | D:11     | Noticed Sonja
 11362 | D:11     | Noticed Maurice
 11373 | D:11     | Killed Maurice
 11394 | D:11     | Killed Sonja
 11458 | D:11     | Found Dostruon's Distillery.
 11466 | D:11     | Bought a potion of haste for 160 gold pieces
 11494 | D:11     | Noticed a four-headed hydra
 11615 | D:11     | Killed a one-headed hydra
 11778 | D:11     | Noticed Josephine
 11891 | D:11     | Reached skill level 15 in Dodging
 11895 | D:11     | Killed Josephine
 12128 | D:11     | Found a bloodstained altar of Trog.
 12173 | D:11     | Got an amethyst-encrusted scale mail
 12184 | D:11     | Identified the +7 scale mail of Umnimuot {rN+} (You found
                  | it on level 11 of the Dungeon)
 12313 | D:12     | Killed an unseen horror
 12313 | D:12     | Reached XP level 13. HP: 79/89 MP: 13/13
 12503 | D:12     | Reached ***** piety under Hepliaklqana
 12545 | D:12     | Found the ring of the Mage {Wiz MR++ Int+3}
 12868 | D:12     | Found a white marble altar of Elyvilon.
 13015 | D:13     | Found a gate leading to a gauntlet.
 13016 | D:13     | Noticed an eight-headed hydra
 13018 | D:13     | Noticed a four-headed hydra
 13023 | D:13     | Killed a seven-headed hydra
 13032 | D:13     | Killed a one-headed hydra
 13036 | Gauntlet | Entered a Gauntlet
 13036 | Gauntlet | Found a transporter.
 13036 | Gauntlet | Found a large runed translucent door.
 13036 | Gauntlet | Found a large runed translucent door.
 13036 | Gauntlet | Found a large runed translucent door.
 13036 | Gauntlet | Found a large runed translucent door.
 13036 | Gauntlet | Found a large runed translucent door.
 13036 | Gauntlet | Found a large runed translucent door.
 13036 | Gauntlet | Found a runed translucent door.
 13036 | Gauntlet | Found a runed translucent door.
 13036 | Gauntlet | Found a large runed translucent door.
 13036 | Gauntlet | Found a large runed translucent door.
 13036 | Gauntlet | Found a large runed translucent door.
 13036 | Gauntlet | Found a large runed translucent door.
 13036 | Gauntlet | Found a large runed translucent door.
 13036 | Gauntlet | Found a large runed translucent door.
 13036 | Gauntlet | Noticed an entropy weaver
 13083 | Gauntlet | Found a large runed translucent door.
 13083 | Gauntlet | Found a large runed translucent door.
 13083 | Gauntlet | Found a large runed translucent door.
 13085 | Gauntlet | Found a transporter.
 13086 | Gauntlet | Found a runed translucent gate.
 13086 | Gauntlet | Found a runed translucent gate.
 13097 | Gauntlet | Found a transporter.
 13101 | Gauntlet | Found a transporter.
 13111 | Gauntlet | Found a transporter.
 13111 | Gauntlet | Identified the ring "Jipoeg" {*Corrode +Blink rElec rN+
                  | Stlth+}
 13131 | Gauntlet | Found a transporter.
 13131 | Gauntlet | Identified the ring of Utaggud {rN+ MR+++ Str-2}
 13138 | Gauntlet | Found a transporter.
 13139 | Gauntlet | Found a transporter.
 13141 | Gauntlet | Found a runed translucent gate.
 13162 | Gauntlet | Found a transporter.
 13166 | Gauntlet | Found a transporter.
 13168 | Gauntlet | Found a transporter.
 13201 | Gauntlet | Found a runed translucent gate.
 13201 | Gauntlet | Found a runed translucent gate.
 13201 | Gauntlet | Found a runed translucent gate.
 13201 | Gauntlet | Noticed a six-headed hydra
 13207 | Gauntlet | Found a transporter.
 13220 | Gauntlet | Found a large runed translucent door.
 13235 | Gauntlet | Reached skill level 16 in Dodging
 13239 | Gauntlet | Killed a four-headed hydra
 13282 | Gauntlet | Got a translucent ruby amulet
 13293 | Gauntlet | Identified the amulet "Liky" {Reflect rN+ Int+2 SH+5} (You
                  | found it in a Gauntlet)
 13297 | Gauntlet | Got a pair of ichor-stained gloves
 13303 | Gauntlet | Identified the +1 pair of gloves of the Forgotten Demons
                  | {-Cast MR++ Dex+3} (You found it in a Gauntlet)
 13311 | Gauntlet | Identified the amulet of the Sparrow {RegenMP Str+3}
 13311 | Gauntlet | Noticed a minotaur
 13346 | Gauntlet | Killed a minotaur
 13385 | Gauntlet | Got a pitted jade amulet
 13386 | Gauntlet | Got a pair of glimmering gloves
 13423 | D:13     | Found a frozen archway.
 13443 | IceCv    | Entered an ice cave
 13503 | IceCv    | Identified the amulet of Cammus {RegenMP rElec rC+ MR+++
                  | Str-4} (You found it in a Gauntlet)
 13563 | IceCv    | Identified the cursed +0 pair of gloves of Yfotam {Harm rN+
                  | Slay+5} (You found it in a Gauntlet)
 14645 | IceCv    | Noticed a frost giant
 14653 | IceCv    | Reached XP level 14. HP: 58/97 MP: 14/14
 15152 | IceCv    | Identified the ring of the Rabble {Ice MP+9 Int+4 Dex+4}
 15179 | IceCv    | Killed a frost giant
 15179 | IceCv    | Reached skill level 17 in Dodging
 16178 | D:13     | Reached skill level 15 in Fighting
 16548 | D:13     | Found a gate to the Vaults.
 16849 | D:15     | Entered Level 15 of the Dungeon
 17661 | D:15     | Found a staircase to the Depths.
 17687 | D:15     | Reached skill level 18 in Dodging
 18028 | D:15     | HP: 4/99 [ettin/+0 dire flail (28)]
 18028 | D:15     | Slain by an ettin

Illustrated notes

Levels and vault maps discovered:
D:1:      dpeg_arrival_leaves_temple_mockup, layout_basic
D:2:      layout_basic, lemuel_crystal_altar, lemuel_round_altar
D:3:      layout_loops_ring, nicolae_overflow_hidden_temple, minitemple,
          uniq_ijyb
D:4:      layout_loops_corners, kennysheep_mini_moat,
          lemuel_coloured_pillars_altar, serial_shops,
          nicolae_shop_temple_entry_statues_fountains
D:5:      layout_layer_cave, enter_ossuary_5, kennysheep_donut,
          minmay_misc_feat_roman, uniq_eustachio
D:6:      layout_loops_ring, led_sif_pool, minmay_temple_entry_from_below_b,
          gup_sewer_entry_pipe, uniq_menkaure
D:7:      layout_basic, kennysheep_little_box, minmay_misc_feat_nine_boxes,
          uniq_duvessa
D:8:      layout_rooms, lemuel_crystal_altar,
          yredelemnul_forgotten_temple_becter, nicolae_qazlal_general_emergency,
          uniq_erica, uniq_maggie, uniq_psyche
D:9:      layout_long_grid, overflow_temple_1_default, minmay_lair_entry_grove,
          hangedman_glass_teeth, uniq_prince_ribbit1, uniq_harold,
          uniq_gastronok
D:10:     layout_loops_cross, orc_0_dummy, uniq_grum
D:11:     layout_cross, serial_shops, shop, hangedman_pestilent_swarm,
          bloody_trog, uniq_maurice, uniq_sonja, uniq_josephine
D:12:     layout_loops_ring, elyvilon_altar_4
D:13:     layout_gridville, ximxim_vaults_locker_room, gauntlet_entry_generic,
          special_room [special_room_bee], portal_ice_cave_demonic_guard
D:14:     layout_rooms, roderic_roman_lattice
D:15:     hangedman_depths_entry_civil_slaughter, layout_loops_ring,
          minmay_beelzebubs_servants

Skill      XL: |  1  2  3  4  5  6  7  8  9 10 11 12 13 14 |
---------------+-------------------------------------------+-----
Fighting       | 2 3 4 5 7 8 10 11 13 14 15 | 15.4
Dodging        | 4 5 6 7 8 10 12 13 15 16 18 | 18.0
Long Blades    | |  3.0
Throwing       | |  2.0

Action                   |  1- 3 |  4- 6 |  7- 9 | 10-12 | 13-15 || total
-------------------------+-------+-------+-------+-------+-------++-------
Melee: Long sword        |    72 |   107 |   217 |    91 |       ||   487
       Scimitar          |       |       |       |   331 |   417 ||   748
Throw: Throwing net      |       |       |       |       |     8 ||     8
Invok: Ancestor Life: Ba |       |       |     1 |       |       ||     1
       Recall Ancestor   |       |       |       |     2 |       ||     2
  Use: Scroll            |       |       |    13 |     1 |     8 ||    22
       Potion            |       |       |     3 |     4 |    12 ||    19
 Stab: Sleeping          |     2 |     2 |       |       |       ||     4
       Distracted        |       |     1 |     2 |     2 |     6 ||    11
       Invisible         |       |       |       |     8 |       ||     8
       Held in net/web   |       |       |       |       |     7 ||     7
Armor: Leather armour    |    17 |     6 |       |       |       ||    23
       Scale mail        |       |    23 |    76 |   148 |   170 ||   417
       Skin              |       |       |       |       |     7 ||     7
Dodge: Dodged            |    59 |    85 |   222 |   697 |   662 ||  1725
Block: Other             |       |       |       |    63 |     8 ||    71
       Reflection        |       |       |       |     1 |       ||     1
       Rpst.: Long sword |    15 |    20 |    73 |    36 |       ||   144
       Scimitar          |       |       |       |   120 |   145 ||   265

Table legend: (Time is in decaauts)
 A = Elapsed time spent in this place.
 B = Non-inter-level travel time spent in this place.
 C = Inter-level travel time spent in this place.
 D = Time resting spent in this place.
 E = Time spent auto-exploring this place.
 F = Levels seen in this place.
 G = Mean time per level.
                   A        B        C        D        E       F      G
               +--------+--------+--------+--------+--------+-----+--------+
         Total |  18420 |  17959 |    461 |   1672 |  11884 |  19 |  969.5 |
       Dungeon |  15110 |  14649 |    461 |   1424 |   9917 |  15 | 1007.3 |
         Sewer |    506 |    506 |      0 |      0 |    340 |   1 |  506.0 |
       Ossuary |    306 |    306 |      0 |      0 |    205 |   1 |  306.0 |
      Ice Cave |   2131 |   2131 |      0 |    229 |   1377 |   1 | 2131.0 |
      Gauntlet |    366 |    366 |      0 |     18 |     45 |   1 |  366.0 |
               +--------+--------+--------+--------+--------+-----+--------+

Top non-repeatable levels by time:
   IceCv: 2131 daAuts
     D:5: 1776 daAuts
    D:13: 1357 daAuts
    D:10: 1257 daAuts
    D:15: 1187 daAuts
     D:3: 1162 daAuts
     D:9: 1137 daAuts
     D:8: 1126 daAuts
     D:2: 1057 daAuts
     D:4: 935 daAuts
     D:7: 926 daAuts
    D:11: 866 daAuts
     D:6: 845 daAuts
    D:12: 735 daAuts
     D:1: 709 daAuts
